 Seeded DCSS version 0.28.0-62-gf88900778d (webtiles) character file.

Game seed: 8930047929319792588 (custom seed)

55 cbfl8 the Skirmisher (level 3, -3/29 HPs)
             Began as a Demonspawn Fighter on July 4, 2023.
             Slain by a water moccasin (8 damage)
             ... on level 3 of the Dungeon.
             The game lasted 00:01:19 (1894 turns).

cbfl8 the Skirmisher (Demonspawn Fighter)           Turns: 1894, Time: 00:01:20

Health: -3/29      AC:  6    Str: 16    XL:     3   Next: 67%
Magic:  4/4        EV:  8    Int: 11    God:
Gold:   172        SH:  5    Dex: 14    Spells: 2/2 levels left

rFire   . . .      SeeInvis .   a - +0 war axe
rCold   . . .      Faith    .   c - +0 buckler
rNeg    . . .      Spirit   .   b - +0 scale mail
rPois   .          Reflect  .   (no helmet)
rElec   .          Harm     .   (no cloak)
rCorr   .          Rampage  .   (no gloves)
Will    .....                   (no boots)
Stlth   ..........              (no amulet)
HPRegen 0.09/turn               (no ring)
MPRegen 0.18/turn               (no ring)

@: mighty, lethally poisoned (-3 -> -10)
A: magic regeneration, big brain 1
a: no special abilities


You were on level 3 of the Dungeon.
You visited 1 branch of the dungeon, and saw 3 of its levels.

You collected 172 gold pieces.

Inventory:

Hand Weapons
 a - a +0 war axe (weapon)
Armour
 b - a +0 scale mail (worn)
 c - a +0 buckler (worn)


   Skills:
 + Level 3.2 Fighting
 + Level 2.2 Axes
 + Level 3.0 Armour
 + Level 0.2 Dodging
 + Level 0.1 Stealth
 + Level 3.0 Shields
 * Level 1.8 Invocations
 * Level 0.9 Evocations


You had 2 spell levels left.
You didn't know any spells.
Your spell library contained the following spells:

 Spells                   Type           Power      Damage    Failure   Level
 Freezing Cloud           Conj/Ice/Air   0%         6-21      100%        5
 Simulacrum               Ice/Necr       0%         N/A       100%        6
 Polar Vortex             Ice            0%         N/A       100%        9


Dungeon Overview and Level Annotations

Branches:
Dungeon (3/15)

Altars:

Annotations:
D:3 3 runed translucent doors, cbfl8's ghost, amateur MfGl


Innate Abilities, Weirdness & Mutations

You regenerate magic rapidly.
You have an unusually large brain. (Int +2)


Message History

You kill the hobgoblin!
A rat is nearby!
You see here a hobgoblin corpse.
A rat is nearby!
A rat is nearby!
The rat bites you.
A rat is nearby!
You slash the rat!
You kill the rat!
You now have 172 gold pieces (gained 15).
Found a stone staircase leading up.
No target in view!
A water moccasin comes into view.
The water moccasin hisses angrily.
A water moccasin is nearby!
Found a stone staircase leading up.
The water moccasin bites you.
There is a stone staircase leading up, spattered with blood here.
A water moccasin is nearby!
You closely miss the water moccasin.
The water moccasin bites you but does no damage.
The water moccasin bites you!
You are poisoned.
The water moccasin poisons you!
A water moccasin is nearby!
You hit the water moccasin.
The water moccasin is lightly wounded.
You feel very sick. The water moccasin bites you.
You block the water moccasin's attack.
You are too injured to fight recklessly!
You feel very mighty all of a sudden.
You feel very sick. You block the water moccasin's attack.
You aren't carrying any scrolls.
You miss the water moccasin.
The water moccasin is lightly wounded.
* * * LOW HITPOINT WARNING * * *
You feel sick. The water moccasin bites you.
* * * LOW HITPOINT WARNING * * *
The water moccasin bites you!
You die...

##### #..... ....# .....
..... ....# ..... ....
..?..# #.... ... ....#
..... .<##...### .....#
......... .....#
###........ .....#
#####..@S......
.....#####.....#........
........................
#....##.################
........# .###...##
.....#..# ..#####.# ..#
#.#


You could see a water moccasin.

Vanquished Creatures
  An adder (D:2)
  A dart slug (D:2)
  4 ball pythons
  5 endoplasms
  A giant cockroach (D:1)
  2 hobgoblins
  4 jackals (D:2)
  2 quokkas (D:2)
  7 bats
  5 frilled lizards
  3 goblins
  3 kobolds (D:1)
  6 rats
44 creatures vanquished.

Notes
Turn   | Place    | Note
-------+----------+-------------------------------------------
     0 | D:1      | cbfl8 the Demonspawn Fighter began the quest for the Orb.
     0 | D:1      | Reached XP level 1. HP: 18/18 MP: 1/1
   244 | D:1      | Gained mutation: You regenerate magic rapidly. [demonic
                  | ancestry]
   244 | D:1      | Reached XP level 2. HP: 13/24 MP: 2/2
  1061 | D:2      | Gained mutation: You have an unusually large brain. (Int
                  | +2) [demonic ancestry]
  1061 | D:2      | Reached XP level 3. HP: 29/29 MP: 3/3
  1173 | D:2      | Found a faded altar of an unknown god.
  1280 | D:2      | Reached skill level 1 in Invocations
  1813 | D:3      | Found a runed translucent gate.
  1815 | D:3      | Noticed cbfl8's ghost (amateur MfGl)
  1816 | D:3      | Found a runed translucent gate.
  1816 | D:3      | Found a runed translucent gate.
  1888 | D:3      | Noticed a water moccasin
  1894 | D:3      | Slain by a water moccasin

Illustrated notes

Levels and vault maps discovered:
D:1:      mrwooster_arrival_statue_2, layout_rooms
D:2:      layout_basic, basic_ecumenical_altar
D:3:      layout_rooms, serial_glass, glass_columns_b, glass_columns_a,
          gammafunk_ghost_split

Skill      XL: |  1  2  3 |
---------------+----------+-----
Armour         | 3 |  3.0
Axes           | 2 |  2.2
Invocations    | 1 |  1.8
Shields        | 3 |  3.0
Fighting       | |  3.2
Dodging        | |  0.2
Stealth        | |  0.1
Evocations     | |  0.9

Action                   || total
-------------------------++-------
Melee: War axe           ||   105
  Use: Scroll            ||     4
       Potion            ||     1
Armor: Scale mail        ||    71
Dodge: Dodged            ||    52
Block: Buckler           ||    30
